 Dungeon Crawl Stone Soup version 0.30.1-3-gfc49f6343a (webtiles) character file.

Game seed: 1463659662776372848

3906 KyoPewz the Basher (level 10, -17/88 HPs)
             Began as an Ogre Gladiator on Aug 2, 2023.
             Was a Believer of Nemelex Xobeh.
             Demolished by a shadow (33 damage)
             ... on level 9 of the Dungeon.
             The game lasted 00:18:38 (7288 turns).

KyoPewz the Basher (Ogre Gladiator)                 Turns: 7288, Time: 00:18:38

Health: -17/88     AC:  4    Str: 27    XL:     10   Next: 20%
Magic:  10/10      EV: 10    Int:  9    God:    Nemelex Xobeh [**....]
Gold:   450        SH:  0    Dex: 10    Spells: 9/9 levels left

rFire   . . .        x - +6 hammer of the Purse {drain, Contam +Blink Will++ Str+3}
rCold   . . .        (no shield)
rNeg    . . .        b - +0 robe
rPois   .            c - +0 hat
rElec   .            y - +0 cloak
rCorr   .            (gloves unavailable)
SInv    .            (boots unavailable)
Will    +++..        v - amulet of regeneration
Stlth   +            (no ring)
HPRegen 1.14/turn    (no ring)
MPRegen 0.12/turn

%: no passive effects
@: on blink cooldown, flying
A: large, unfitting armour, tough skin 1
a: Renounce Religion, Evoke Blink, Draw Escape, Draw Destruction, Draw Summoning


You were on level 9 of the Dungeon.
You worshipped Nemelex Xobeh.
Nemelex Xobeh was pleased with you.
You visited 2 branches of the dungeon, and saw 10 of its levels.

You collected 450 gold pieces.

Inventory:

Hand Weapons
 x - the +6 hammer of the Purse (weapon) {drain, Contam +Blink Will++ Str+3}
   (You found it on level 3 of the Dungeon)

   Str:       It affects your strength (+3).
   +Blink:    It lets you blink.
   Contam:    It causes magical contamination when unequipped.
   Will:      It greatly increases your willpower.
 M - a +1 flail of protection
Missiles
 h - 68 stones
 k - 8 poisoned darts
 w - 2 throwing nets (quivered)
 G - 6 boomerangs
Armour
 b - a +0 robe (worn)
 c - a +0 hat (worn)
 y - a +0 cloak (worn)
 K - a +1 hat
Jewellery
 v - an amulet of regeneration (around neck)
 I - an amulet of the acrobat
Wands
 a - a wand of polymorph (6)
 B - a wand of acid (6)
 L - a wand of flame (19)
 N - a wand of paralysis (5)
Scrolls
 f - a scroll of immolation {unknown}
 i - 4 scrolls of enchant weapon {unknown}
 j - 2 scrolls of acquirement {unknown}
 l - a scroll of torment {unknown}
 n - a scroll of noise {unknown}
 o - 2 scrolls of poison {unknown}
 p - a scroll of brand weapon {unknown}
 r - 2 scrolls of vulnerability {unknown}
 t - 6 scrolls of teleportation
 u - 2 scrolls of fog {unknown}
 C - 2 scrolls of blinking {unknown}
 D - 2 scrolls of magic mapping {unknown}
 E - a scroll of fear {unknown}
 H - 3 scrolls of amnesia {unknown}
Potions
 d - 3 potions of might
 e - 4 potions of brilliance
 g - a potion of flight
 m - 4 potions of attraction
 q - a potion of curing
 s - a potion of mutation {unknown}
 z - 2 potions of lignification
 A - a potion of degeneration {unknown}
 F - a potion of haste {unknown}
 J - 2 potions of heal wounds {unknown}


   Skills:
 - Level 2.6 Fighting
 + Level 13.4 Maces & Flails
 - Level 2.0 Throwing
 - Level 2.6 Dodging


You had 9 spell levels left.
You didn't know any spells.
Your spell library contained the following spells:

 Spells                   Type           Power      Damage    Failure   Level
 Kiss of Death            Conj/Necr      0%         2d5       38%         1
 Magic Dart               Conj           0%         1d3       38%         1
 Blink                    Tloc           0%         N/A       52%         2
 Call Imp                 Summ           0%         N/A       52%         2
 Lesser Beckoning         Tloc           0%         N/A       52%         2
 Momentum Strike          Conj/Tloc      0%         3d8       52%         2
 Poisonous Vapours        Pois/Air       0%         N/A       52%         2
 Static Discharge         Conj/Air       0%         2-2/arc   52%         2
 Confusing Touch          Hex            0%         N/A       77%         3
 Mephitic Cloud           Conj/Pois/Air  0%         N/A       77%         3
 Vampiric Draining        Necr           0%         2d6       77%         3
 Dispel Undead            Necr           0%         3d6       99%         4
 Freezing Cloud           Conj/Ice/Air   0%         6-21      100%        5
 Orb of Destruction       Conj           0%         9d5       100%        7
 Borgnjor's Revivificati  Necr           0%         N/A       100%        8


Dungeon Overview and Level Annotations

Branches:
Dungeon (9/15)             Temple (1/1) D:6            Lair (0/5) D:9
    Orc (0/2) D:9

Altars:
Ashenzari
Cheibriados
Dithmenos
Elyvilon
Fedhas
Gozag
Hepliaklqana
Kikubaaqudgha
Makhleb
Nemelex Xobeh
Okawaru
Qazlal
Ru
Sif Muna
Trog
Uskayaw
Vehumet
Wu Jian
Xom
Yredelemnul
Zin
The Shining One
Lugonu

Shops:
D:5 (   D:8 [


Innate Abilities, Weirdness & Mutations

You are too large for most types of armour.
You have tough skin. (AC +1)


Message History

The ice beast hits you.
* * * LOW HITPOINT WARNING * * *
The ice beast freezes you!
* * * LOW HITPOINT WARNING * * *
You take 10 damage, and have 16/88 hp.
You draw a card...
You have drawn the Swarm.
The ice beast hits you.
* * * LOW HITPOINT WARNING * * *
The ice beast freezes you!
* * * LOW HITPOINT WARNING * * *
You take 12 damage, and have 4/88 hp.
It was a potion of flight.
You feel very buoyant.
You fly up into the air.
Your killer bee stings the ice beast.
Your killer bee stings the ice beast but does no damage.
The ice beast closely misses your killer bee.
You swap places.
Your killer bee barely misses the ice beast. x2
Your killer bee stings the ice beast but does no damage.
Your killer bee barely misses the ice beast.
The ice beast hits your killer bee. The ice beast freezes your killer bee.
The shadow slips into darkness.
The shadow flickers and vanishes!
Deactivating autopickup; reactivate with Ctrl-A.
It was a potion of curing.
You feel better.
q - a potion of curing;
r - 2 scrolls labelled ILIAM LIOGUO Your killer bee barely misses the ice beast.
Your killer bee stings the ice beast but does no damage.
Your killer bee stings the ice beast. x2
The ice beast closely misses your killer bee.
You regained 9 hp, and now have 15/88 hp.
Aiming: Throw Flame
Press: ? - help, Shift-Dir - straight line, f - ice beast
Aim: an ice beast (moderately wounded, ally target, 68% to hit)
The puff of flame hits the ice beast!
The ice beast melts!
The ice beast is heavily wounded.
Your killer bee closely misses the ice beast.
Your killer bee stings the ice beast.
The shadow strikes at you from the darkness!
You die...
Your body glows slightly and disappears.

...............
.#........#..........#
..#................#.##
.......#.#...#........#
........###..#......#..
......##...###.....~.
....y#.§...#...)....
#..Yo§>†..........
#@y#§.............
........###....##.#...#.
...#..... ##.###.....#..
.......#.#...#.#.......
#...................#...
###..#....~.............
#......................
###....#. .....~#......
~##.......


You could see an ice beast (distracted, ally target), an orc (slow) and 2
friendly killer bees.

Vanquished Creatures
  A komodo dragon (D:7)
  3 yaks (D:8)
  7 orc warriors
  4 ice beasts
  3 centaurs
  A wolf (D:9)
  A phantom (D:5)
  4 bullfrogs
  3 scorpions
  5 wights (D:8)
  A killer bee (D:9)
  2 howler monkeys (D:8)
  2 hounds
  6 orc priests
  Crazy Yiuf (D:3)
  A jelly (D:6)
  A gnoll bouda (D:7)
  6 iguanas
  8 orc wizards
  Terence (D:2)
  Robin (D:3)
  5 gnolls (D:7)
  An adder (D:6)
  A shadow imp (D:6)
  5 white imps
  A worm (D:3)
  A dart slug (D:3)
  24 orcs
  5 bats
  8 endoplasms
  3 giant cockroaches
  10 goblins
  9 hobgoblins
  9 kobolds
  11 ball pythons
  5 frilled lizards
  10 rats
170 creatures vanquished.

Notes
Turn   | Place    | Note
-------+----------+-------------------------------------------
     0 | D:1      | KyoPewz the Ogre Gladiator began the quest for the Orb.
     0 | D:1      | Reached XP level 1. HP: 22/22 MP: 1/1
   145 | D:1      | Reached skill level 3 in Maces & Flails
   205 | D:1      | Reached XP level 2. HP: 25/29 MP: 2/2
   316 | D:1      | Found a faded altar of an unknown god.
  1041 | D:2      | Reached XP level 3. HP: 35/36 MP: 3/3
  1193 | D:2      | Noticed Terence
  1195 | D:2      | Killed Terence
  1196 | D:2      | Reached skill level 4 in Maces & Flails
  1420 | D:2      | Reached XP level 4. HP: 44/44 MP: 4/4
  1900 | D:3      | Noticed Robin
  1919 | D:3      | Killed Robin
  2277 | D:3      | Identified the +6 hammer of the Purse {drain, Contam +Blink
                  | Will++ Str+3}
  2279 | D:3      | Found a runed translucent door.
  2280 | D:3      | Noticed Crazy Yiuf
  2285 | D:3      | Killed Crazy Yiuf
  2286 | D:3      | Reached skill level 5 in Maces & Flails
  2286 | D:3      | Reached XP level 5. HP: 50/50 MP: 5/5
  2907 | D:4      | Reached XP level 6. HP: 47/59 MP: 6/6
  2943 | D:4      | Found a broken altar of Ashenzari.
  2966 | D:4      | Reached skill level 6 in Maces & Flails
  3358 | D:5      | Entered Level 5 of the Dungeon
  3507 | D:5      | Reached skill level 7 in Maces & Flails
  3507 | D:5      | Reached XP level 7. HP: 61/66 MP: 7/7
  3610 | D:5      | Found Mufetug's Antique Weapon Shop.
  3922 | D:6      | Reached skill level 8 in Maces & Flails
  3989 | D:6      | Found a staircase to the Ecumenical Temple.
  4007 | Temple   | Entered the Ecumenical Temple
  4188 | Temple   | Became a worshipper of Nemelex Xobeh the Trickster
  4455 | D:6      | Reached XP level 8. HP: 63/74 MP: 8/8
  4618 | D:6      | Reached skill level 9 in Maces & Flails
  4910 | D:7      | Noticed a komodo dragon
  4923 | D:7      | Killed a komodo dragon
  4924 | D:7      | Reached skill level 10 in Maces & Flails
  5134 | D:7      | Reached * piety under Nemelex Xobeh
  5185 | D:7      | Received a gift from Nemelex Xobeh
  5680 | D:7      | Reached XP level 9. HP: 61/80 MP: 9/9
  5914 | D:8      | Reached skill level 11 in Maces & Flails
  6124 | D:8      | Got the Guidebook on the Brilliant Damned
  6261 | D:8      | Found a transporter.
  6261 | D:8      | Found Ruumm's Armour Shop.
  6263 | D:8      | Found a transporter.
  6313 | D:8      | Reached ** piety under Nemelex Xobeh
  6803 | D:8      | Reached skill level 12 in Maces & Flails
  6939 | D:9      | Received a gift from Nemelex Xobeh
  7051 | D:8      | Reached XP level 10. HP: 40/88 MP: 10/10
  7139 | D:9      | Found a staircase to the Orcish Mines.
  7151 | D:9      | Reached skill level 13 in Maces & Flails
  7228 | D:9      | Noticed a purple ugly thing
  7229 | D:9      | Found a corrupted altar of Lugonu.
  7229 | D:9      | Noticed a white ugly thing
  7241 | D:9      | Found a staircase to the Lair.
  7284 | D:9      | HP: 4/88 [ice beast (10)]
  7288 | D:9      | Demolished by a shadow

Illustrated notes

Levels and vault maps discovered:
D:1:      grunt_arrival_lava_bath, layout_basic,
          dreamdust_ecumenical_altar_statues
D:2:      layout_loops_ring, grunt_ministairs_15, eino_tiny_chamber,
          uniq_terence
D:3:      layout_loops_ring, nicolae_concentric_dashed_squares_mild,
          st_stairs_3, roderic_lattice_a, uniq_robin, uniq_crazy_yiuf_cottage
D:4:      layout_basic, nicolae_ashenzari_panopticon
D:5:      layout_cave_pools, serial_shops, nicolae_shop_stone
D:6:      layout_rooms, minmay_temple_entry_slanted
D:7:      layout_loops_cross
D:8:      layout_cave_pools, serial_shops, nicolae_shop_drivethru,
          serial_bayou_crossing
D:9:      gammafunk_corrupted_shrine, layout_cave_pools,
          hellmonk_lair_entry_icy, david_orc_3, minmay_lindwurm_lava
Temple:   roderic_octagonal_lattice_temple

Skill      XL: |  1  2  3  4  5  6  7  8  9 10 |
---------------+-------------------------------+-----
Maces & Flails | 3 4 5 7 8 10 12 13 | 13.4
Fighting       | |  2.6
Throwing       | |  2.0
Dodging        | |  2.6

Action                     |  1- 3 |  4- 6 |  7- 9 | 10-12 || total
---------------------------+-------+-------+-------+-------++-------
  Melee: Flail             |   116 |    53 |       |       ||   169
         Mace              |       |    65 |   254 |    41 ||   360
         Punch             |       |     2 |     3 |       ||     5
  Throw: Large rock        |     1 |       |       |       ||     1
         Throwing net      |     1 |       |       |       ||     1
 Invoke: Draw Escape       |       |       |       |     3 ||     3
         Draw Destruction  |       |       |       |     2 ||     2
         Draw Summoning    |       |       |       |     1 ||     1
Ability: Evoke Blink       |       |       |       |     1 ||     1
  Evoke: Wand              |       |       |       |     1 ||     1
    Use: Scroll            |       |       |     5 |       ||     5
         Potion            |       |       |       |     2 ||     2
   Stab: Sleeping          |       |     2 |       |       ||     2
 Armour: Robe              |    35 |    34 |    47 |     8 ||   124
  Dodge: Dodged            |    79 |    52 |   102 |    16 ||   249
